 Dungeon Crawl Stone Soup version 0.28-a0-1638-g9123634e07 (webtiles) character file.

Game seed: 11525568321602950882

110 vineage the Skirmisher (level 4, -1/31 HPs)
             Began as a Gargoyle Fighter on Jan 25, 2022.
             Slain by a water moccasin (8 damage)
             ... in a sewer.
             The game lasted 00:02:51 (2468 turns).

vineage the Skirmisher (Gargoyle Fighter)           Turns: 2468, Time: 00:02:52

Health: -1/31      AC: 11    Str: 19    XL:     4   Next: 91%
Magic:  4/4        EV:  9    Int:  9    God:
Gold:   81         SH:  4    Dex: 11    Spells: 3/3 levels left

rFire   . . .      SeeInvis .   h - +0 whip
rCold   . . .      Faith    .   c - +0 buckler
rNeg    + . .      Spirit   .   b - +0 scale mail
rPois   ∞          Reflect  .   (no helmet)
rElec   +          Harm     .   (no cloak)
rCorr   .          Rampage  .   (no gloves)
Will    .....                   k - +0 pair of boots
Stlth   ..........              (no amulet)
HPRegen 0.10/turn               (no ring)
MPRegen 0.09/turn               (no ring)

@: invisible
A: sickness immunity, AC +3, negative energy resistance 1, electricity
resistance, torment resistance 1, petrification resistance
a: no special abilities


You were in a sewer.
You visited 1 branch of the dungeon, and saw 3 of its levels.
You also visited: Sewer.

You collected 81 gold pieces.

Inventory:

Hand Weapons
 a - a +0 flail
 h - a +0 whip (weapon)
Armour
 b - a +0 scale mail (worn)
 c - a +0 buckler (worn)
 k - a +0 pair of boots (worn)
Scrolls
 j - a scroll of enchant weapon {unknown}
 l - a scroll of magic mapping {unknown}
Potions
 d - a potion of might
 e - 2 potions of haste
 f - a potion of flight
 g - a potion of resistance {unknown}
 i - a potion of invisibility


   Skills:
 * Level 5.2 Fighting
 + Level 3.2 Maces & Flails
 - Level 3.2 Armour
 - Level 3.2 Shields


You had 3 spell levels left.
You didn't know any spells.
Your spell library contained the following spells:

 Spells                   Type           Power      Damage    Failure   Level
 Freeze                   Ice            0%         1d3       85%         1
 Frozen Ramparts          Ice            0%         1d2       99%         3
 Hailstorm                Conj/Ice       0%         3d3       100%        4


Dungeon Overview and Level Annotations

Branches:
Dungeon (3/15)              Sewer (1/1)

Altars:


Innate Abilities, Weirdness & Mutations

You are immune to sickness and miasma.
Your stone body is resilient. (AC +3)
You are immune to poison.
You resist negative energy. (rN+)
You are resistant to electric shocks. (rElec)
You are resistant to unholy torment.
You are immune to petrification.


Message History

You are too injured to fight recklessly!
You are too injured to fight recklessly!
You are too injured to fight recklessly!
You are too injured to fight recklessly!
You are too injured to fight recklessly!
You are too injured to fight recklessly!
You are too injured to fight recklessly!
You are too injured to fight recklessly!
You are too injured to fight recklessly!
You whack the water moccasin!
The water moccasin is moderately wounded.
The water moccasin bites you but does no damage.
You block the water moccasin's attack.
You barely miss the water moccasin.
The water moccasin is moderately wounded.
The water moccasin bites you but does no damage.
You miss the water moccasin.
The water moccasin is moderately wounded.
The water moccasin bites you.
* * * LOW HITPOINT WARNING * * *
You block the water moccasin's attack.
You barely miss the water moccasin.
The water moccasin is moderately wounded.
The water moccasin bites you but does no damage.
You closely miss the water moccasin.
The water moccasin is moderately wounded.
The water moccasin barely misses you.
It was a potion of invisibility.
You fade into invisibility!
The water moccasin bites you.
* * * LOW HITPOINT WARNING * * *
You block the water moccasin's attack.
Okay, then.
You completely miss the water moccasin.
The water moccasin is moderately wounded.
The water moccasin barely misses you.
You barely miss the water moccasin.
The water moccasin is moderately wounded.
The water moccasin bites you!
You die...

######## ###.≈..≈.###
###......≈...###
###.≈.≈.####.≈...##≈)#
##.≈..≈### ###≈@S.≈#
≈≈.≈.≈## ##.≈....#
##.≈.≈.# ≈≈...###
###.≈≈..# ....##.[
###..≈.. ...### ?#
##.≈....## # ######


You could see a water moccasin.

Vanquished Creatures
  5 adders (D:2)
  2 worms (D:2)
  A dart slug (D:2)
  10 ball pythons
  6 bats
  5 endoplasms
  A giant cockroach (D:1)
  5 goblins
  A hobgoblin (D:2)
  3 jackals (Sewer)
  10 frilled lizards
  3 kobolds
  6 rats
  A spectral goblin (D:2)
59 creatures vanquished.

Vanquished Creatures (others)
  An endoplasm (D:1)
1 creature vanquished.

Grand Total: 60 creatures vanquished

Notes
Turn   | Place    | Note
-------+----------+-------------------------------------------
     0 | D:1      | vineage the Gargoyle Fighter began the quest for the Orb.
     0 | D:1      | Reached XP level 1. HP: 14/14 MP: 1/1
   274 | D:1      | Reached XP level 2. HP: 20/20 MP: 2/2
   570 | D:1      | Reached skill level 4 in Fighting
  1310 | D:2      | Reached XP level 3. HP: 24/24 MP: 3/3
  1575 | D:2      | Found a faded altar of an unknown god.
  1602 | D:2      | Reached XP level 4. HP: 24/30 MP: 4/4
  1994 | D:2      | Reached skill level 5 in Fighting
  2310 | D:3      | Found a glowing drain.
  2339 | Sewer    | Entered a sewer
  2453 | Sewer    | Noticed a water moccasin
  2468 | Sewer    | Slain by a water moccasin

Illustrated notes

Levels and vault maps discovered:
D:1:      dpeg_arrival_rooms_with_view, layout_basic, minmay_misc_feat_x,
          nrook_mini_backslash, grunt_decor_fettered, lemuel_flame_loot_1
D:2:      layout_basic, dreamdust_ecumenical_altar_drowned_temple,
          serial_bayou_pond_e, hangedman_decor_riveting, minmay_lizard_pond
D:3:      minmay_angry_zag, layout_loops_corners, cheibrodos_sewer_entry_sluice
Sewer:    sewer_the_moccasin

Skill      XL: |  1  2  3  4 |
---------------+-------------+-----
Fighting       | 4 5 |  5.2
Maces & Flails | 3 |  3.2
Armour         | |  3.2
Shields        | |  3.2

Action                   |  1- 3 |  4- 6 || total
-------------------------+-------+-------++-------
Melee: Flail             |    45 |       ||    45
       Whip              |    94 |   144 ||   238
  Use: Potion            |     1 |     1 ||     2
       Scroll            |       |     4 ||     4
Armor: Scale mail        |    99 |    52 ||   151
Dodge: Dodged            |    92 |    46 ||   138
Block: Buckler           |    43 |    38 ||    81

Table legend: (Time is in decaauts)
 A = Elapsed time spent in this place.
 B = Non-inter-level travel time spent in this place.
 C = Inter-level travel time spent in this place.
 D = Time resting spent in this place.
 E = Time spent auto-exploring this place.
 F = Levels seen in this place.
 G = Mean time per level.
                   A        B        C        D        E       F      G
               +--------+--------+--------+--------+--------+-----+--------+
         Total |   2495 |   2387 |    108 |      0 |   1889 |   4 |  623.8 |
       Dungeon |   2361 |   2253 |    108 |      0 |   1800 |   3 |  787.0 |
         Sewer |    133 |    133 |      0 |      0 |     89 |   1 |  133.0 |
               +--------+--------+--------+--------+--------+-----+--------+

Top non-repeatable levels by time:
     D:1: 1319 daAuts
     D:2: 969 daAuts
   Sewer: 133 daAuts
     D:3: 72 daAuts
